[Event "Titled Tuesday Blitz June 21 Early 2022"]
[White "Piesik, Piotr"]
[Black "Borgaonkar Akshay"]
[WhiteFideId "1136194"]
[BlackFideId "25639110"]
[WhiteElo "2247"]
[BlackElo "1660"]
[Result "1-0"]
[Round "11"]
[TimeControl "180+1"]
[Date "2022.06.22"]
[WhiteClock "0:01:23"]
[BlackClock "0:00:03"]

1. Nf3 c5 2. g3 Nc6 3. Bg2 d5 4. O-O e5 5. d3 Nf6 6. Nbd2 Be7 7. e4 O-O 8. c3 h6 9. Qc2 Be6 10. Re1 d4 11. Nc4 Nd7 12. a4 Bf6 13. Nfd2 g5 14. a5 b5 15. axb6 axb6 16. Rxa8 Qxa8 17. Nd6 Ne7 18. Nf5 Nxf5 19. exf5 Bd5 20. Bxd5 Qxd5 21. c4 Qc6 22. Ne4 Kg7 23. Bd2 b5 24. cxb5 Qxb5 25. Ra1 Rb8 26. Ra7 Rd8 27. Ba5 Qb8 28. Ra6 Qb5 29. Rxf6 Qxa5 30. Rd6 Kf8 31. Qc4 Ke7 32. f6+ Kf8 33. Qd5 Qe1+ 34. Kg2 Qe2 35. Rxd7 Rxd7 36. Qxd7 Kg8 37. Qe8+ Kh7 38. Qxf7+ 1-0


[Site "https://www.chess.com"]

[Event "Titled Tuesday Blitz June 21 Early 2022"]
[White "Prokofiev, Valentyn"]
[Black "Heinemann, Josefine"]
[WhiteFideId "14160161"]
[BlackFideId "12900460"]
[WhiteElo "2142"]
[BlackElo "2300"]
[Result "0-1"]
[Round "11"]
[TimeControl "180+1"]
[Date "2022.06.22"]
[WhiteClock "0:00:16"]
[BlackClock "0:00:59"]

1. d4 Nf6 2. c4 e6 3. Nf3 d5 4. e3 Be7 5. b3 O-O 6. Bd3 c5 7. O-O cxd4 8. exd4 b6 9. Bb2 Bb7 10. Nc3 Nc6 11. Rc1 Rc8 12. Qe2 Nb4 13. Ne5 Nxd3 14. Qxd3 Bd6 15. f4 Qe7 16. Ne2 Ne4 17. f5 f6 18. Ng4 exf5 19. Ne3 g6 20. cxd5 Rxc1 21. Rxc1 Re8 22. Nc4 h5 23. Rf1 Bxd5 24. Nc3 Nxc3 25. Bxc3 Bb8 26. h3 Qe2 27. Qxe2 Rxe2 28. Rf2 Rxf2 29. Kxf2 f4 30. Nd2 g5 31. Bb4 Kf7 32. Nb1 g4 33. Nc3 g3+ 34. Kf1 Ke6 35. Ne2 f3 36. gxf3 Bxf3 37. Ng1 Be4 38. h4 f5 39. Ke2 f4 40. Nh3 f3+ 41. Ke3 Bd5 42. Ng5+ Kf5 43. Nxf3 Kg4 44. Ng1 Kxh4 45. Be7+ Kg4 46. b4 h4 47. a4 h3 0-1


[Site "https://www.chess.com"]

[Event "Titled Tuesday Blitz June 21 Early 2022"]
[White "Przybylski, Wojciech"]
[Black "Kozelov, Roman"]
[WhiteFideId "1117599"]
[BlackFideId "14133377"]
[WhiteElo "2133"]
[BlackElo "2149"]
[Result "1-0"]
[Round "11"]
[TimeControl "180+1"]
[Date "2022.06.22"]
[WhiteClock "0:00:12"]
[BlackClock "0:00:08"]

1. e4 e6 2. d4 d5 3. Nc3 Bb4 4. e5 c5 5. a3 Bxc3+ 6. bxc3 Ne7 7. Qg4 Kf8 8. h4 Qc7 9. Bd2 Bd7 10. Bd3 c4 11. Be2 Ba4 12. Rc1 Qb6 13. Nh3 Qb2 14. O-O Bxc2 15. Qf4 Nbc6 16. h5 h6 17. Bg4 Ke8 18. Qe3 b6 19. Nf4 Na5 20. Rce1 Nb3 21. Bc1 Nxc1 22. Rxc1 Bf5 23. Bd1 Qxa3 24. g4 Bd3 25. Nxd3 cxd3 26. Bf3 Qa6 27. Rfd1 Rc8 28. Rxd3 Kd7 29. Rdd1 Rc7 30. Be2 b5 31. Ra1 Qb6 32. Rdb1 Rb8 33. Rxb5 Qxb5 34. Bxb5+ Rxb5 35. Qd3 Rb3 36. Qh7 Rbxc3 37. Kg2 R3c4 38. Rd1 Rc1 39. Rd2 Ra1 40. Qxg7 Rcc1 41. Qxh6 Rg1+ 42. Kf3 Ra3+ 43. Ke2 Raa1 44. Qf4 Rae1+ 45. Kf3 Re4 46. Qxf7 Rexg4 47. Ra2 Rg7 48. Rxa7+ Kd8 49. Qf8# 1-0


[Site "https://www.chess.com"]

[Event "Titled Tuesday Blitz June 21 Early 2022"]
[White "Reprintsev, Alexander"]
[Black "Nguyen, Quoc Hy"]
[WhiteFideId "14100541"]
[BlackFideId "12410853"]
[WhiteElo "2108"]
[BlackElo "1938"]
[Result "0-1"]
[Round "11"]
[TimeControl "180+1"]
[Date "2022.06.22"]
[WhiteClock "0:00:07"]
[BlackClock "0:00:38"]

1. e4 e5 2. f4 d5 3. exd5 exf4 4. Nf3 Nf6 5. Bb5+ Bd7 6. Bxd7+ Nbxd7 7. O-O Be7 8. c4 O-O 9. d4 Bd6 10. c5 Be7 11. Nc3 b6 12. c6 Nb8 13. Qb3 Bd6 14. Ne5 a5 15. Bxf4 a4 16. Qc4 Ra5 17. Bg5 b5 18. Qd3 b4 19. Bxf6 gxf6 20. Nc4 bxc3 21. Nxa5 cxb2 22. Rae1 f5 23. Nb7 Qf6 24. Rxf5 Bxh2+ 25. Kf1 Qh4 26. Rf2 Bg3 27. Re4 Qh1+ 28. Ke2 Bxf2 29. Rg4+ Kh8 30. Qf5 Qe1+ 31. Kf3 Qe3# 0-1


[Site "https://www.chess.com"]

[Event "Titled Tuesday Blitz June 21 Early 2022"]
[White "Rohith Krishna S"]
[Black "Tari, Aryan"]
[WhiteFideId "46617051"]
[BlackFideId "1510045"]
[WhiteElo "2117"]
[BlackElo "2567"]
[Result "0-1"]
[Round "11"]
[TimeControl "180+1"]
[Date "2022.06.21"]
[WhiteClock "0:00:02"]
[BlackClock "0:00:23"]

1. Nf3 c5 2. g3 Nc6 3. Bg2 g6 4. O-O Bg7 5. c4 e6 6. Nc3 Nge7 7. e3 O-O 8. d4 cxd4 9. exd4 d5 10. cxd5 exd5 11. Bf4 h6 12. h4 Bg4 13. Qa4 Bxf3 14. Bxf3 Nxd4 15. Bg2 b5 16. Nxb5 Ne2+ 17. Kh2 Nxf4 18. Qxf4 Bxb2 19. Rad1 Qb6 20. Nc7 Rad8 21. Nxd5 Nxd5 22. Rxd5 Kg7 23. Rfd1 Rxd5 24. Rxd5 Bf6 25. Rd6 Qb2 26. Ra6 Bd4 27. f3 Rd8 28. h5 Be5 29. Qg4 Rd2 30. Qh3 g5 31. Rxa7 Qd4 32. Ra8 Rd1 33. Qg4 Qg1+ 34. Kh3 Rd2 35. Qe4 Qxg2+ 36. Kg4 Qxg3+ 37. Kf5 Rd5 38. f4 Qh3# 0-1


[Site "https://www.chess.com"]

[Event "Titled Tuesday Blitz June 21 Early 2022"]
[White "Rustemov, Alexander"]
[Black "Yurovskykh, Oleksandr"]
[WhiteFideId "4119002"]
[BlackFideId "14134020"]
[WhiteElo "2733"]
[BlackElo "2292"]
[Result "1/2-1/2"]
[Round "11"]
[TimeControl "180+1"]
[Date "2022.06.21"]
[WhiteClock "0:00:06"]
[BlackClock "0:00:08"]

1. d4 Nf6 2. c4 e6 3. Nf3 d5 4. Nc3 c5 5. cxd5 Nxd5 6. g3 cxd4 7. Nxd5 Qxd5 8. Qxd4 Qxd4 9. Nxd4 Bb4+ 10. Bd2 Bxd2+ 11. Kxd2 Bd7 12. Bg2 Nc6 13. Nxc6 Bxc6 14. Bxc6+ bxc6 15. Rhc1 O-O-O+ 16. Ke3 Kc7 17. Rc4 Rb8 18. Rac1 Rb6 19. Ra4 a6 20. b3 Rd8 21. Rg4 g6 22. Rf4 Rd7 23. g4 f5 24. g5 e5 25. Rfc4 Kb7 26. h4 Rd6 27. h5 a5 28. Rh1 Rb4 29. hxg6 hxg6 30. Rh7+ Kb6 31. Rxb4+ axb4 32. Rf7 Kc5 33. f3 Kd5 34. Rg7 c5 35. Kd3 e4+ 36. fxe4+ fxe4+ 37. Ke3 Ke5 38. Re7+ Kf5 39. Rxe4 Rd5 40. Re8 Kxg5 41. Kf3 Rd2 42. Re5+ Kf6 43. Rxc5 Rxa2 44. Rb5 Rb2 45. Rxb4 Ke5 46. Rb8 g5 47. Rb5+ Kf6 48. e3 Rb1 49. b4 Rf1+ 50. Kg2 Rb1 51. Kf2 Ke6 52. Rb8 Kf5 53. b5 Kg4 54. b6 Rb2+ 55. Ke1 Kg3 56. b7 g4 57. e4 Kg2 58. e5 g3 59. e6 Rb6 60. Kd2 Rd6+ 61. Kc3 Rxe6 62. Rf8 Rb6 63. b8=Q Rxb8 64. Rxb8 Kf2 65. Rf8+ Ke2 66. Re8+ Kf2 67. Kd2 g2 68. Rf8+ Kg3 69. Rg8+ Kf2 70. Rf8+ Kg3 71. Ke2 g1=Q 72. Rg8+ Kh2 73. Rh8+ Kg2 74. Rg8+ Kh2 75. Rh8+ Kg2 76. Rg8+ Kh2 1/2-1/2


[Site "https://www.chess.com"]

[Event "Titled Tuesday Blitz June 21 Early 2022"]
[White "Sadhwani, Raunak"]
[Black "Tan, Zhongyi"]
[WhiteFideId "35093487"]
[BlackFideId "8603642"]
[WhiteElo "2616"]
[BlackElo "2510"]
[Result "1-0"]
[Round "11"]
[TimeControl "180+1"]
[Date "2022.06.21"]
[WhiteClock "0:01:44"]
[BlackClock "0:00:09"]

1. d4 d5 2. Nf3 Nf6 3. c3 Bf5 4. Qb3 Qc8 5. Bf4 e6 6. e3 Bd6 7. Nbd2 O-O 8. Be2 Nbd7 9. Bxd6 cxd6 10. O-O h6 11. Rfc1 Ne4 12. a4 Qc7 13. a5 Rfc8 14. Nxe4 Bxe4 15. Nd2 Bg6 16. Qa3 a6 17. b3 Nf6 18. c4 Qd7 19. Bf3 Be4 20. Nxe4 dxe4 21. Be2 d5 22. c5 Ne8 23. Qa4 Qe7 24. c6 Nd6 25. h3 Qc7 26. Rc5 bxc6 27. Rac1 Nb5 28. Rxc6 Qxc6 29. Rxc6 Rxc6 30. Bxb5 axb5 31. Qxb5 Rc1+ 32. Kh2 h5 33. h4 Ra1 34. b4 Rc8 35. Kg3 Rc2 36. Qe8+ Kh7 37. Qxf7 Raa2 38. Qxh5+ Kg8 39. Qe8+ Kh7 40. Qf7 Rcb2 41. h5 Rxb4 42. Qg6+ Kh8 43. Qe8+ Kh7 44. Qxe6 Rxa5 45. Qf5+ Kh8 46. Qf8+ Kh7 47. Qxb4 1-0


[Site "https://www.chess.com"]

[Event "Titled Tuesday Blitz June 21 Early 2022"]
[White "Samaganova, Aleksandra"]
[Black "Vidonyak, Roman"]
[WhiteFideId "13800221"]
[BlackFideId "14100622"]
[WhiteElo "1864"]
[BlackElo "2370"]
[Result "1-0"]
[Round "11"]
[TimeControl "180+1"]
[Date "2022.06.22"]
[WhiteClock "0:00:06"]
[BlackClock "0:00:02"]

1. c4 e5 2. Nc3 Bb4 3. Qc2 Nf6 4. Nf3 d6 5. e3 Nc6 6. Be2 O-O 7. O-O Re8 8. d3 h6 9. a3 Bxc3 10. Qxc3 e4 11. Nd4 Ne5 12. b4 c5 13. Nb3 cxb4 14. axb4 d5 15. c5 exd3 16. Bxd3 Nxd3 17. Qxd3 Ne4 18. Bb2 Bf5 19. Qd4 Nf6 20. Rfd1 Bc2 21. Na5 Bxd1 22. Rxd1 Qc7 23. Qh4 Re6 24. h3 Rd8 25. Rd4 b6 26. Nb3 Ne4 27. f3 bxc5 28. bxc5 Nf6 29. Bc3 Rxe3 30. Ba5 Qe7 31. Bxd8 Qxd8 32. Rb4 Qe8 33. Nd4 Re1+ 34. Kh2 Qe5+ 35. f4 Qe3 36. Nf3 Ne4 37. Qxe1 Qxf4+ 38. Kg1 Qf5 39. Rb8+ Kh7 40. c6 1-0


[Site "https://www.chess.com"]

[Event "Titled Tuesday Blitz June 21 Early 2022"]
[White "Samsonkin, Artiom"]
[Black "Harvey, Marcus R"]
[WhiteFideId "13503111"]
[BlackFideId "400092"]
[WhiteElo "2513"]
[BlackElo "2485"]
[Result "0-1"]
[Round "11"]
[TimeControl "180+1"]
[Date "2022.06.21"]
[WhiteClock "0:00:01"]
[BlackClock "0:01:18"]

1. d4 Nf6 2. Bf4 d5 3. e3 e6 4. Nf3 Bd6 5. Bg3 O-O 6. Nbd2 c5 7. c3 Qc7 8. Bxd6 Qxd6 9. Ne5 Nbd7 10. f4 Ne4 11. Nxe4 dxe4 12. Nxd7 Bxd7 13. dxc5 Qxc5 14. Qd4 Rac8 15. Qxc5 Rxc5 16. O-O-O Bc6 17. Be2 f6 18. Rd6 Kf7 19. Kc2 Ke7 20. Rd2 a5 21. Rhd1 Bd5 22. f5 Rfc8 23. Rd4 R8c7 24. Bg4 Bxa2 25. fxe6 f5 26. Rd7+ Kxe6 27. Rxc7 Rxc7 28. Be2 a4 29. Rd4 Bb3+ 30. Kd2 Rd7 31. Bb5 Rd5 0-1


[Site "https://www.chess.com"]

[Event "Titled Tuesday Blitz June 21 Early 2022"]
[White "Samunenkov, Ihor"]
[Black "Jia, Haoxiang"]
[WhiteFideId "14187086"]
[BlackFideId "8602999"]
[WhiteElo "2409"]
[BlackElo "2611"]
[Result "0-1"]
[Round "11"]
[TimeControl "180+1"]
[Date "2022.06.21"]
[WhiteClock "0:00:03"]
[BlackClock "0:00:19"]

1. e4 c5 2. Nf3 d6 3. d4 cxd4 4. Nxd4 Nf6 5. Nc3 g6 6. Be3 Bg7 7. f3 O-O 8. Qd2 Nc6 9. O-O-O d5 10. exd5 Nxd5 11. Nxc6 bxc6 12. Bd4 Bxd4 13. Qxd4 Qb6 14. Na4 Qc7 15. Nc5 Rd8 16. c4 Bf5 17. cxd5 Rxd5 18. Qe3 Qa5 19. Rxd5 cxd5 20. g4 d4 21. Qxe7 Be6 22. Ba6 Qxa2 23. Nxe6 Qxa6 24. Nc7 Rc8 25. Kb1 Qd3+ 26. Ka1 Qc4 27. Ne8 Qa4+ 28. Kb1 Rxe8 29. Qd6 Qc4 30. Rc1 Qd3+ 31. Ka1 Qxf3 32. Qxd4 Qe4 33. Qxe4 Rxe4 34. g5 Kg7 35. Rc7 a5 36. Rc5 a4 37. Ka2 Rh4 38. Ra5 Rxh2 39. Rxa4 Rg2 40. Ra5 h5 41. gxh6+ Kxh6 42. Ka3 g5 43. b4 g4 44. b5 Rg1 45. Ra8 Ra1+ 46. Kb4 Rxa8 47. b6 Rb8 48. Kc5 g3 49. b7 g2 50. Kc6 Rxb7 51. Kxb7 g1=Q 52. Ka8 Qb1 0-1


[Site "https://www.chess.com"]

[Event "Titled Tuesday Blitz June 21 Early 2022"]
[White "Sanchez, Robert"]
[Black "Piliczewski, Bogusz"]
[WhiteFideId "2034360"]
[BlackFideId "1104144"]
[WhiteElo "1992"]
[BlackElo "1896"]
[Result "1-0"]
[Round "11"]
[TimeControl "180+1"]
[Date "2022.06.22"]
[WhiteClock "0:00:56"]
[BlackClock "0:00:02"]

1. e4 c6 2. d4 d5 3. e5 c5 4. Nf3 Nc6 5. dxc5 Bg4 6. Bb5 e6 7. b4 a5 8. c3 Qc7 9. Bf4 g5 10. Bg3 h5 11. h3 Bxf3 12. Qxf3 g4 13. Qe2 h4 14. Bf4 f5 15. hxg4 Ne7 16. gxf5 Nxf5 17. Nd2 Bh6 18. Bxh6 Rxh6 19. Nf3 Ke7 20. Bd3 Rf8 21. Bxf5 Rxf5 22. O-O Nxe5 23. Nxe5 Rxe5 24. Qg4 Rh7 25. Rae1 h3 26. gxh3 Rhh5 27. f4 1-0


[Site "https://www.chess.com"]

[Event "Titled Tuesday Blitz June 21 Early 2022"]
[White "Sargsyan, Anna M."]
[Black "Wagner, Dennis"]
[WhiteFideId "13308130"]
[BlackFideId "24650684"]
[WhiteElo "2271"]
[BlackElo "2355"]
[Result "1-0"]
[Round "11"]
[TimeControl "180+1"]
[Date "2022.06.21"]
[WhiteClock "0:01:12"]
[BlackClock "0:00:11"]

1. d4 Nf6 2. c4 e6 3. Nf3 c5 4. d5 b5 5. dxe6 fxe6 6. cxb5 a6 7. bxa6 Bxa6 8. g3 d5 9. Bg2 Nc6 10. O-O Bd6 11. Re1 O-O 12. Nc3 d4 13. Na4 Bb5 14. b3 Bxa4 15. bxa4 Qd7 16. Bd2 c4 17. Rc1 c3 18. Bg5 e5 19. e3 Bc5 20. exd4 exd4 21. Bxf6 Rxf6 22. Rxc3 Ra5 23. Rd3 g6 24. Ng5 Nb4 25. Ne4 Rf7 26. Rf3 d3 27. Qb3 Kg7 28. Nxc5 Rxc5 29. Rxf7+ Qxf7 30. Qxb4 Rc2 31. Re7 d2 32. Rxf7+ Kxf7 33. Qb3+ 1-0


[Site "https://www.chess.com"]

[Event "Titled Tuesday Blitz June 21 Early 2022"]
[White "Sethuraman, S.P."]
[Black "Papasimakopoulos, Alexandros"]
[WhiteFideId "5021596"]
[BlackFideId "4244125"]
[WhiteElo "2473"]
[BlackElo "2340"]
[Result "1-0"]
[Round "11"]
[TimeControl "180+1"]
[Date "2022.06.21"]
[WhiteClock "0:00:14"]
[BlackClock "0:00:38"]

1. d4 f5 2. Nc3 d5 3. Bf4 a6 4. e3 Nf6 5. Nf3 e6 6. Bd3 c5 7. dxc5 Bxc5 8. Ne2 Nc6 9. O-O b5 10. a4 b4 11. c4 bxc3 12. Nxc3 Bd6 13. Rc1 e5 14. Bg5 Nb4 15. Bb1 Be6 16. Bxf6 Qxf6 17. e4 d4 18. exf5 Bxf5 19. Ne4 Bxe4 20. Bxe4 Rd8 21. Qb3 Qf7 22. Rc4 a5 23. Ng5 Qf4 24. h4 Qxh4 25. Rc7 Qh5 26. Qe6+ Kf8 27. Rf7+ Kg8 28. Rf6+ Qf7 29. Qxf7# 1-0


[Site "https://www.chess.com"]

[Event "Titled Tuesday Blitz June 21 Early 2022"]
[White "Shton, Roman"]
[Black "Chernomordik, Pavel"]
[WhiteFideId "14137461"]
[BlackFideId "2804530"]
[WhiteElo "2013"]
[BlackElo "2220"]
[Result "1-0"]
[Round "11"]
[TimeControl "180+1"]
[Date "2022.06.22"]
[WhiteClock "0:01:56"]
[BlackClock "0:00:51"]

1. d4 g6 2. e4 Bg7 3. Nf3 d6 4. Bc4 e6 5. c3 b6 6. a4 a6 7. Qe2 Bb7 8. O-O Nd7 9. Nbd2 Ne7 10. Re1 O-O 11. Nf1 c5 12. Ng3 Qc7 13. h4 cxd4 14. cxd4 d5 15. Bd3 dxe4 16. Nxe4 Nf5 17. h5 Nxd4 18. Nxd4 Bxd4 19. hxg6 hxg6 20. Ng5 Ne5 21. Bf4 Rad8 22. Bxg6 fxg6 23. Bxe5 Qc6 24. Nf3 Bxe5 25. Qxe5 Rxf3 26. gxf3 Qxf3 27. Qxe6+ Kh8 28. Qe5+ Kg8 29. Qe6+ Kh8 30. Qe5+ Kh7 31. Qe7+ Kh6 32. Qh4+ Kg7 33. Re7+ Kf8 34. Rxb7 Qxb7 35. Qxd8+ Kg7 36. Re1 1-0


[Site "https://www.chess.com"]

[Event "Titled Tuesday Blitz June 21 Early 2022"]
[White "Shuvalova, Polina"]
[Black "Sapunov, Evgeny"]
[WhiteFideId "24171760"]
[BlackFideId "4126661"]
[WhiteElo "2330"]
[BlackElo "2470"]
[Result "0-1"]
[Round "11"]
[TimeControl "180+1"]
[Date "2022.06.21"]
[WhiteClock "0:00:02"]
[BlackClock "0:00:02"]

1. d4 Nf6 2. Nc3 d5 3. Bg5 e6 4. e4 Bb4 5. e5 h6 6. Bd2 Bxc3 7. bxc3 Ne4 8. Bd3 Nxd2 9. Qxd2 c5 10. Ne2 Qa5 11. dxc5 Nd7 12. O-O Nxe5 13. Nf4 Qxc5 14. Nh5 O-O 15. Kh1 Nxd3 16. cxd3 Bd7 17. f4 Rac8 18. Rac1 f6 19. Rf3 Be8 20. Ng3 Bf7 21. h3 Rc7 22. d4 Qd6 23. Re1 Re8 24. Kh2 Rce7 25. Qf2 Bg6 26. Rfe3 Bh7 27. Kh1 b6 28. Nh5 Be4 29. Ng3 f5 30. c4 Kh7 31. Kh2 g6 32. Kh1 Rc7 33. cxd5 exd5 34. Nf1 Rec8 35. R1e2 Qb4 36. Rg3 Rc2 37. Ne3 Rxe2 38. Qxe2 Qxd4 39. h4 h5 40. Qb5 Rc7 41. Qe8 Qf6 42. Rg5 d4 43. Nf1 d3 44. Nd2 Bc6 45. Qb8 Re7 46. Kh2 Rd7 47. Qc8 Qd6 48. Rg3 Re7 49. Qf8 Rd7 50. Qc8 Qf6 51. Rg5 Re7 52. Qd8 Bb5 53. Qd5 Ba6 54. a4 Qe6 55. Qd8 Rd7 56. Qf8 Qd6 57. Qe8 Qxf4+ 58. g3 Qd6 59. Rxg6 Qxg6 60. Qxd7+ Kh6 61. Qxa7 Bc8 62. Qc7 Qe6 63. Qf4+ Kg6 64. Nf3 Qe2+ 65. Kh3 Bb7 66. Qd6+ Kf7 67. Qc7+ Qe7 68. Ng5+ Kf6 69. Qc3+ Kg6 70. Qxd3 Be4 71. Qe3 Qc5 72. Qd2 Bd5 73. Qe2 Qc4 74. Qe8+ Kf6 75. Qd8+ Ke5 76. Qh8+ Kd6 77. Qxh5 Qf1+ 0-1


[Site "https://www.chess.com"]

[Event "Titled Tuesday Blitz June 21 Early 2022"]
[White "Silvestre, Christian"]
[Black "Kvaloy, Aksel Bu"]
[WhiteFideId "30956269"]
[BlackFideId "1528815"]
[WhiteElo "2408"]
[BlackElo "2006"]
[Result "1-0"]
[Round "11"]
[TimeControl "180+1"]
[Date "2022.06.22"]
[WhiteClock "0:00:16"]
[BlackClock "0:00:02"]

1. d4 g6 2. Nf3 Bg7 3. g3 d6 4. Bg2 Nf6 5. O-O O-O 6. c4 Nbd7 7. b3 e5 8. dxe5 dxe5 9. Bb2 e4 10. Nd4 Ne8 11. Qc1 Nc5 12. Nc2 Nf6 13. Nc3 Qe7 14. Ba3 b6 15. Rd1 Bb7 16. Ne3 Rfd8 17. Qc2 Rxd1+ 18. Rxd1 Rd8 19. h3 Rxd1+ 20. Qxd1 Nfd7 21. Bb2 Qe6 22. Qd2 a5 23. Ncd5 Bxb2 24. Qxb2 c6 25. Nc3 Qe5 26. Qd2 Bc8 27. Ng4 Qe7 28. Qd4 h5 29. Ne3 f5 30. h4 Qe5 31. Qd2 Kg7 32. Bf1 Ne6 33. Ng2 Qd4 34. Qc1 Ndc5 35. Nd1 Ba6 36. Nde3 Qd6 37. Nc2 Qe5 38. Nce3 b5 39. cxb5 cxb5 40. Qd2 b4 41. Qc1 Qd4 42. Nc2 Qc3 43. Qb1 Nd4 44. Nxd4 Qxd4 45. Qc1 Qc3 46. Qg5 Qe5 47. Nf4 Qd6 48. Nxh5+ Kf7 49. Nf4 Nd7 50. Qh6 Nf6 51. Qh8 Qf8 52. Qxf8+ Kxf8 53. Nxg6+ Kg7 54. Nf4 Bb5 55. e3 1-0


[Site "https://www.chess.com"]

[Event "Titled Tuesday Blitz June 21 Early 2022"]
[White "Simonovic, Miroslav"]
[Black "Dushyant Sharma"]
[WhiteFideId "919152"]
[BlackFideId "25065130"]
[WhiteElo "2043"]
[BlackElo "2105"]
[Result "1-0"]
[Round "11"]
[TimeControl "180+1"]
[Date "2022.06.22"]
[WhiteClock "0:00:48"]
[BlackClock "0:00:11"]

1. d4 d5 2. Bg5 h6 3. Bh4 Nf6 4. Bxf6 exf6 5. e3 Bd6 6. a3 b6 7. g3 Bb7 8. Bg2 Nd7 9. Ne2 O-O 10. O-O c6 11. b3 Rc8 12. c4 f5 13. cxd5 cxd5 14. Nbc3 Nf6 15. b4 Qd7 16. Qb3 Rc4 17. Nxd5 Bxd5 18. Bxd5 Rc7 19. Bf3 Rfc8 20. Rac1 a5 21. b5 Qe7 22. a4 Rxc1 23. Rxc1 Rxc1+ 24. Nxc1 Ba3 25. Nd3 g6 26. Ne5 Kg7 27. Bd5 Bd6 28. Nxf7 Nxd5 29. Qxd5 Qxf7 30. Qxd6 Qb3 31. Kg2 Qc2 32. Qc6 Qxa4 33. Qxb6 Qa2 34. Qc6 a4 35. b6 Qb1 36. b7 a3 37. Qc7+ Kf6 38. Qe5+ Kg5 39. b8=Q a2 40. Qd8+ 1-0


[Site "https://www.chess.com"]

[Event "Titled Tuesday Blitz June 21 Early 2022"]
[White "Skliarov, Viktor"]
[Black "Maiorov, Nikita"]
[WhiteFideId "14106736"]
[BlackFideId "13501720"]
[WhiteElo "2229"]
[BlackElo "2417"]
[Result "0-1"]
[Round "11"]
[TimeControl "180+1"]
[Date "2022.06.21"]
[WhiteClock "0:00:12"]
[BlackClock "0:00:11"]

1. e4 c6 2. d4 d5 3. e5 Bf5 4. Nf3 e6 5. Be2 Nd7 6. O-O h6 7. a4 Ne7 8. a5 Bh7 9. a6 b6 10. c4 dxc4 11. Bxc4 Nd5 12. Nc3 Nb4 13. Ne1 Be7 14. Qg4 Bg6 15. Bxe6 h5 16. Bxd7+ Qxd7 17. Qxd7+ Kxd7 18. f4 Bf5 19. Nd1 c5 20. dxc5 bxc5 21. Ne3 Be4 22. Nf3 Kc6 23. Bd2 Rab8 24. Bc3 Nd3 25. Nd2 Bh7 26. Ndc4 Be4 27. f5 Bg5 28. Na5+ Kc7 29. Nec4 Rhd8 30. e6 f6 31. Bd2 Bxd2 32. Nxd2 Ba8 33. Ndc4 Nxb2 34. Rab1 Nxc4 35. Nxc4 Rxb1 36. Rxb1 Be4 37. Rf1 Bd3 38. Rc1 Bxf5 39. e7 Re8 40. Re1 Kd7 41. Na5 Rxe7 42. Rxe7+ Kxe7 43. Nc6+ Kd7 44. Nxa7 Bd3 45. Kf2 Bxa6 46. Ke3 Kc7 0-1


[Site "https://www.chess.com"]

[Event "Titled Tuesday Blitz June 21 Early 2022"]
[White "So, Wesley"]
[Black "Oparin, Grigoriy"]
[WhiteFideId "5202213"]
[BlackFideId "24125890"]
[WhiteElo "2742"]
[BlackElo "2639"]
[Result "1-0"]
[Round "11"]
[TimeControl "180+1"]
[Date "2022.06.21"]
[WhiteClock "0:00:08"]
[BlackClock "0:00:02"]

1. e4 e5 2. Nf3 Nc6 3. Bc4 Bc5 4. c3 Nf6 5. d3 d6 6. O-O h6 7. Re1 O-O 8. b4 Bb6 9. Nbd2 a5 10. b5 Ne7 11. d4 Ng6 12. h3 Re8 13. Bd3 c6 14. Rb1 Be6 15. a4 Qc7 16. Qc2 Rac8 17. Qb2 Rb8 18. c4 exd4 19. Nxd4 Ne5 20. Bf1 Bd7 21. Qc3 Bc5 22. Ba3 Bb4 23. Qe3 Ng6 24. N4f3 c5 25. Bb2 Re6 26. g3 Rbe8 27. Qd3 Ne5 28. Nxe5 dxe5 29. Rbd1 Rd6 30. Qc2 Qc8 31. Kh2 Qc7 32. Re3 Bc8 33. Nf3 Rxd1 34. Qxd1 Nd7 35. Nh4 Nf8 36. Nf5 Rd8 37. Qg4 g6 38. Nxh6+ Kh7 39. Qh4 Kg7 40. Bxe5+ Qxe5 41. Qxd8 Be6 42. Ng4 Bxg4 43. hxg4 Bc3 44. Qd5 Qf6 45. Kg2 Qe7 46. Rxc3 Ne6 47. Qe5+ 1-0


[Site "https://www.chess.com"]

[Event "Titled Tuesday Blitz June 21 Early 2022"]
[White "Starozhilov, Leonid"]
[Black "Kobalia, Mikhail"]
[WhiteFideId "14106752"]
[BlackFideId "4119150"]
[WhiteElo "2414"]
[BlackElo "2667"]
[Result "0-1"]
[Round "11"]
[TimeControl "180+1"]
[Date "2022.06.21"]
[WhiteClock "0:00:15"]
[BlackClock "0:00:37"]

1. b3 e5 2. Bb2 Nc6 3. e3 g6 4. Bb5 Bg7 5. Ne2 Nge7 6. d4 O-O 7. O-O exd4 8. Bxc6 Nxc6 9. Nxd4 Nxd4 10. Bxd4 d5 11. Bxg7 Kxg7 12. Qd4+ Qf6 13. Nd2 Bf5 14. c3 b6 15. Rfd1 c5 16. Qxf6+ Kxf6 17. Nf3 Rfd8 18. Rd2 Be4 19. Rad1 Rd6 20. Ne1 Rad8 21. f3 Bf5 22. Kf2 Ke7 23. h4 h5 24. Nd3 Bxd3 25. Rxd3 Ke6 26. Kg3 Ke5 27. Kf2 R8d7 28. R3d2 a5 29. a4 d4 30. exd4+ cxd4 31. c4 Re6 32. g3 Red6 33. Rd3 Kf5 34. Re1 Re6 35. Red1 Red6 36. Re1 Re6 37. Red1 Rde7 38. R1d2 Re3 39. Rxd4 Rxb3 40. Rf4+ Ke6 41. Rfd4 Kf6 42. Rd6+ Re6 43. Rxe6+ Kxe6 44. Rd5 Rb4 45. Rb5 Rxb5 46. cxb5 Kd5 47. g4 Kc4 48. Ke3 Kb3 49. Kf4 Kxa4 50. gxh5 gxh5 51. Kg5 Kxb5 52. Kxh5 a4 53. Kg5 a3 0-1


[Site "https://www.chess.com"]

[Event "Titled Tuesday Blitz June 21 Early 2022"]
[White "Stribuk, Artiom"]
[Black "Ovchinnikov, Vsevolod"]
[WhiteFideId "13515659"]
[BlackFideId "24176842"]
[WhiteElo "2259"]
[BlackElo "2376"]
[Result "1-0"]
[Round "11"]
[TimeControl "180+1"]
[Date "2022.06.21"]
[WhiteClock "0:00:14"]
[BlackClock "0:00:05"]

1. d4 Nf6 2. c4 g6 3. g3 d5 4. cxd5 Nxd5 5. Bg2 Bg7 6. e4 Nb6 7. Ne2 c5 8. d5 e6 9. Nbc3 exd5 10. exd5 O-O 11. O-O Bg4 12. h3 Bxe2 13. Qxe2 Re8 14. Qf3 N8d7 15. Bf4 Ne5 16. Qd1 c4 17. Qc2 Nd3 18. Be3 Rxe3 19. fxe3 Qg5 20. Rf3 Re8 21. Raf1 f5 22. Nd1 Ne5 23. Rf4 Qxg3 24. Qf2 Qg5 25. h4 Qd8 26. Qg3 Nd3 27. R4f3 Be5 28. Qh3 Nxd5 29. h5 Nf6 30. hxg6 hxg6 31. Qh6 Kf7 32. Rh3 Ng4 33. Qh7+ Bg7 34. Nc3 Nxe3 35. Rg3 Re6 36. Rxe3 Rxe3 37. Bd5+ Kf6 38. Qh4+ g5 39. Qh7 Re5 40. Ne4+ 1-0


[Site "https://www.chess.com"]

[Event "Titled Tuesday Blitz June 21 Early 2022"]
[White "Sukandar, Irine Kharisma"]
[Black "Papp, Levente"]
[WhiteFideId "7101937"]
[BlackFideId "751243"]
[WhiteElo "2293"]
[BlackElo "2308"]
[Result "1-0"]
[Round "11"]
[TimeControl "180+1"]
[Date "2022.06.22"]
[WhiteClock "0:00:06"]
[BlackClock "0:00:10"]

1. d4 e6 2. Nc3 d5 3. Bf4 a6 4. e4 Bb4 5. exd5 exd5 6. Qf3 Ne7 7. O-O-O Nbc6 8. Qg3 Nf5 9. Qf3 Be6 10. Nge2 O-O 11. g4 Nfe7 12. Bg2 Qd7 13. h3 Na5 14. Qg3 Nc4 15. Bxc7 Rfc8 16. Bf4 Ng6 17. Rd3 Rc6 18. Kb1 Rac8 19. Bc1 Rb6 20. Ka1 f5 21. gxf5 Bxf5 22. Bxd5+ Kh8 23. Bxc4 Rxc4 24. Rf3 Bxc2 25. h4 Bd6 26. Qg5 Be7 27. Qd2 Qg4 28. Rg3 Qf5 29. h5 Nf8 30. Rhh3 Ne6 31. Rf3 Qg4 32. Qxc2 Nxd4 33. Nxd4 Rxd4 34. Qe2 Re6 35. Re3 Qxe2 36. Nxe2 Rxe3 37. Rxe3 Rd7 38. a3 h6 39. Rf3 Bf6 40. Be3 Rd3 41. Rf5 Rb3 42. Nd4 Rd3 43. Ne6 Rd1+ 44. Ka2 Rd7 45. Nf4 Kg8 46. Ng6 Kf7 47. Ne5+ Ke6 48. Nxd7 Kxf5 49. Nxf6 Kxf6 50. Bd4+ Kg5 51. Bxg7 Kxh5 52. Kb3 Kg6 53. Be5 Kf5 54. Bc7 h5 55. Kc4 Ke6 56. Kd4 b5 57. Ke4 h4 58. f4 h3 59. f5+ Kd7 60. Bh2 a5 61. Kd5 a4 62. Kc5 b4 1-0


[Site "https://www.chess.com"]